 Dungeon Crawl Stone Soup version 0.32-a0-825-g0e82a1035d (webtiles) character file.

Game seed: 18073582204043212456

93 Ijustatesigmund the Conjurer (level 4, -5/29 HPs)
             Began as an Octopode Conjurer on Mar 25, 2024.
             Killed by nerve-wracking pain
             ... invoked by Menkaure
              (14 damage)
             ... on level 3 of the Dungeon.
             The game lasted 00:04:18 (2259 turns).

Ijustatesigmund the Conjurer (Octopode Conjurer)    Turns: 2259, Time: 00:04:18

Health: -5/29      AC:  1    Str:  6    XL:     4   Next: 62%
Magic:  8/8        EV: 12    Int: 22    God:
Gold:   101        SH:  0    Dex: 10    Spells: 1/8 levels left

rFire   . . .        c - +0 war axe
rCold   . . .        (no shield)
rNeg    . . .        (helmet restricted)
rPois   .            (no amulet)
rElec   .            j - ring of flight
rCorr   .            (no ring)
SInv    .            (no ring)
Will    .....        (no ring)
Stlth   +++          (no ring)
HPRegen 0.24/turn    (no ring)
MPRegen 0.11/turn    (no ring)
                     (no ring)

%: no passive effects
@: flying
A: almost no armour, amphibious, 8 rings, camouflage 1, gelatinous body 1,
(nimble swimmer 1), tentacles
a: no special abilities


You were on level 3 of the Dungeon.
You visited 1 branch of the dungeon, and saw 3 of its levels.

You collected 101 gold pieces.

Inventory:

Hand Weapons
 c - a +0 war axe (weapon)
Jewellery
 j - a ring of flight (left tentacle)
 k - an amulet of the acrobat
Scrolls
 b - a scroll of immolation {unknown}
 d - a scroll of amnesia {unknown}
 e - a scroll of vulnerability {unknown}
 f - 2 scrolls of noise {unknown}
 g - a scroll of identify {unknown}
 i - 3 scrolls of enchant weapon {unknown}
Potions
 h - a potion of invisibility {unknown}
 l - a potion of heal wounds {unknown}


   Skills:
 - Level 2.1 Fighting
 + Level 0.1 Axes
 - Level 2.0 Dodging
 - Level 2.6 Stealth
 + Level 2.9 Spellcasting
 - Level 4.6 Conjurations
 + Level 0.7 Translocations


You had one spell level left.
You knew the following spells:

 Your Spells              Type           Power      Damage    Failure   Level
a - Magic Dart            Conj           92%        1d7       1%          1
b - Searing Ray           Conj           46%        2d6       2%          2
c - Iskenderun's Mystic   Conj/Tloc      14%        2d5       38%         4

Your spell library contained the following spells:

 Spells                   Type           Power      Damage    Failure   Level
 Fulminant Prism          Conj/Alch      6%         3d7       43%         4


Dungeon Overview and Level Annotations

Branches:
Dungeon (3/15)

Altars:
Kikubaaqudgha
Yredelemnul

Annotations:
D:3 1 transporter, Menkaure, Natasha


Innate Abilities, Weirdness & Mutations

You cannot wear most types of armour.
You are amphibious.
You can wear up to eight rings at the same time.
Your skin changes colour to match your surroundings (Stealth+).
Your rubbery body absorbs attacks. (AC +1, EV +1)
((You are camouflaged when in or above water. (Stealth+)))
You have tentacles for arms and can constrict up to eight enemies at once.


Message History

The adder zombie is moderately damaged.
The adder zombie bites you.
Natasha wildly gestures.
Natasha glows brightly for a moment.
Natasha stares at you and mumbles some strange words.
The magic dart hits you!
Casting: Magic Dart (safe; 1% risk of failure)
Confirm with . or Enter, or press ? or * to list all spells.
Aiming: Searing Ray (safe; 2% risk of failure)
Press: ? - help, Shift-Dir - straight line, f - adder zombie
Aim: an adder zombie (moderately damaged, 78% to hit)
The searing ray hits the adder zombie!
The adder zombie is severely damaged.
The searing ray hits Menkaure.
Menkaure is moderately damaged. (Press . to maintain the ray.)
The adder zombie misses you. The adder zombie bites you.
The searing ray hits the adder zombie.
You destroy the adder zombie!
The searing ray hits Menkaure!
Menkaure is heavily damaged.
The searing ray hits the quokka skeleton.
The quokka skeleton is heavily damaged.
The searing ray hits Menkaure.
Menkaure is severely damaged.
The quokka skeleton barely misses you.
The searing ray hits the quokka skeleton.
You destroy the quokka skeleton!
The searing ray hits Menkaure.
Menkaure is almost destroyed.
You finish channelling your searing ray.
Natasha mumbles some strange words.
Unknown command.
Casting: Searing Ray (safe; 2% risk of failure)
Confirm with . or Enter, or press ? or * to list all spells.
You don't have enough magic to cast this spell.
Magic courses through your body. Natasha claws you!
Menkaure points at you and mumbles some strange words.
Pain shoots through your body!
You die...

#.#######.#...##.####
#. .......©.....†.#
.#############.##.
.#©..........#....#
.#........[..#.####
.#..##...##..#.#
.#..#ß$Z.ß#..#.#
.#..##..M##..#.#
.#.....©.M@.5#.#
.#..##...##h.#.# .
#ß...ß#..#.#
##...##..#.# ......
..#.# $$_=⌠(_M:.#.#
############.#
.....©.......#


You could see Menkaure, a mummy, Natasha, a cerulean imp (summoned) and a quokka
skeleton.

Vanquished Creatures
  Jessica (D:2)
  An adder (D:2)
  An adder zombie (D:3)
  A ribbon worm (D:2)
  2 dart slugs
  6 bats (D:1)
  8 endoplasms
  A giant cockroach (D:2)
  2 goblins (D:2)
  2 hobgoblins
  A quokka (D:2)
  7 ball pythons
  4 frilled lizards
  5 kobolds
  A quokka skeleton (D:3)
  7 rats
50 creatures vanquished.

Notes
Turn   | Place    | Note
-------+----------+-------------------------------------------
     0 | D:1      | Ijustatesigmund the Octopode Conjurer began the quest for
                  | the Orb.
     0 | D:1      | Reached XP level 1. HP: 11/11 MP: 3/3
   282 | D:1      | Reached XP level 2. HP: 18/18 MP: 1/5
   286 | D:1      | Learned a level 2 spell: Searing Ray
   586 | D:1      | Reached skill level 1 in Fighting
   959 | D:1      | Reached XP level 3. HP: 23/23 MP: 6/6
  1298 | D:2      | Noticed Jessica
  1301 | D:2      | Killed Jessica
  1463 | D:2      | Reached XP level 4. HP: 29/29 MP: 6/8
  1468 | D:2      | Learned a level 4 spell: Iskenderun's Mystic Blast
  2235 | D:3      | Found a transporter.
  2247 | D:3      | Found a transporter.
  2250 | D:3      | Noticed Menkaure
  2250 | D:3      | Found a basalt altar of Yredelemnul.
  2250 | D:3      | Found an ancient bone altar of Kikubaaqudgha.
  2253 | D:3      | Noticed Natasha
  2259 | D:3      | Killed from afar by Menkaure

Illustrated notes

Levels and vault maps discovered:
D:1:      dpeg_arrival_rooms_c, layout_loops_ring
D:2:      layout_rooms, kennysheep_minor_cross, uniq_jessica
D:3:      minmay_door_path, layout_loops_ring, gammafunk_temple_of_torment,
          lightli_corner_chamber, uniq_natasha

Skill      XL: |  1  2  3  4 |
---------------+-------------+-----
Fighting       | 1 2 |  2.1
Axes           | |  0.1
Dodging        | |  2.0
Stealth        | |  2.6
Spellcasting   | |  2.9
Conjurations   | |  4.6
Translocations | |  0.7

Action                     |  1- 3 |  4- 6 || total
---------------------------+-------+-------++-------
  Melee: Unarmed           |     3 |       ||     3
         Tentacles         |     2 |     4 ||     6
         Constrict         |     2 |     2 ||     4
         Hand axe          |    14 |     1 ||    15
         War axe           |       |    13 ||    13
   Cast: Magic Dart        |    41 |    31 ||    72
         Searing Ray       |       |     1 ||     1
    Use: Potion            |       |     1 ||     1
   Stab: Sleeping          |     3 |       ||     3
 Armour: Skin              |     7 |    11 ||    18
  Dodge: Dodged            |    20 |    16 ||    36

Table legend: (Time is in decaauts)
 A = Elapsed time spent in this place.
 B = Non-inter-level travel time spent in this place.
 C = Inter-level travel time spent in this place.
 D = Time resting spent in this place.
 E = Time spent auto-exploring this place.
 F = Levels seen in this place.
 G = Mean time per level.
                   A        B        C        D        E       F      G
               +--------+--------+--------+--------+--------+-----+--------+
         Total |   2268 |   2218 |     50 |    244 |   1703 |   3 |  756.0 |
       Dungeon |   2268 |   2218 |     50 |    244 |   1703 |   3 |  756.0 |
               +--------+--------+--------+--------+--------+-----+--------+

Top non-repeatable levels by time:
     D:1: 1259 daAuts
     D:2: 785 daAuts
     D:3: 222 daAuts
